AA
CLEBURNE RAILROADERS @ GARY SOUTHSHORE RAILCATS
07/28/2072
 
TOP OF THE 1ST
Gary SouthShore RailCats batting - Pitching for Kansas City T-Bones : RHP Steve Avina
Pitching: RHP Steve Avina
Batting: LHB Mario Vega 0-0: Called Strike
0-1: Called Strike
0-2: Ball
1-2: Ball
2-2: Foul Ball, location: 2F
2-2: Foul Ball, location: 2F
2-2: Ball
3-2: Ground out 4-3 (Groundball, 4, EV 107.5 MPH)
Batting: LHB Alejandro Ortiz 0-0: Ball
1-0: Ball
2-0: Swinging Strike
2-1: Ball
3-1: Base on Balls
Batting: RHB Mark Zimny 0-0: Foul Ball, location: 2F
0-1: Ball
1-1: Ball
2-1: DOUBLE (Line Drive, 8LXD, EV 105.0 MPH)
Alejandro Ortiz to third
Batting: LHB Fernando Moreno 0-0: Ball
1-0: Foul Ball, location: 2F
1-1: Ball
2-1: DOUBLE (Line Drive, 78D, EV 100.0 MPH)
Alejandro Ortiz scores
Mark Zimny scores
Pinch Runner at 2nd Ken Kelly:
Batting: SHB Nick Butler 0-0: Ball
1-0: Swinging Strike
1-1: Ground out 6-3 (Groundball, 6, EV 82.5 MPH)
Batting: RHB Kevin Oliver 0-0: Called Strike
0-1: Ball
1-1: Ball
2-1: Foul Ball, location: 2F
2-2: Ball
3-2: Ground out 6-3 (Groundball, 6, EV 93.8 MPH)
Top of the 1st over - 2 runs, 2 hits, 0 errors, 1 left on base; Gary SouthShore 2 - Kansas City 0
BOTTOM OF THE 1ST
Kansas City T-Bones batting - Pitching for Gary SouthShore RailCats : RHP Neel Kenter
Pitching: RHP Neel Kenter
Now at 1B: Ken Kelly
Batting: RHB Martin Rivera 0-0: Called Strike
0-1: Called Strike
0-2: Foul Ball, location: 2F
0-2: Ball
1-2: Foul Ball, location: 2F
1-2: Strikes out swinging
Batting: LHB Tony Marrero 0-0: Called Strike
0-1: Ball
1-1: Foul Ball, location: 2F
1-2: Ball
2-2: Foul Ball, location: 2F
2-2: Foul Ball, location: 2F
2-2: Foul Ball, location: 2F
2-2: Foul Ball, location: 2F
2-2: Strikes out swinging
Batting: LHB Ramon Velasco 0-0: Called Strike
0-1: SINGLE (Flyball, 56D, EV 88.8 MPH)
Batting: RHB Ernie Almodovar 0-0: Called Strike
0-1: Foul Ball, location: 2F
0-2: Strikes out swinging
Bottom of the 1st over - 0 runs, 1 hit, 0 errors, 1 left on base; Gary SouthShore 2 - Kansas City 0
TOP OF THE 2ND
Gary SouthShore RailCats batting - Pitching for Kansas City T-Bones : RHP Steve Avina
Batting: RHB Sean Armor 0-0: Swinging Strike
0-1: Called Strike
0-2: Strikes out swinging
Batting: SHB Art Jenkins 0-0: Called Strike
0-1: Ball
1-1: Swinging Strike
1-2: Foul Ball, location: 2F
1-2: Fly out, F8 (Flyball, 8LS, EV 93.1 MPH)
Batting: RHB Chris Day 0-0: Called Strike
0-1: Ball
1-1: Ball
2-1: Foul Ball, location: 2F
2-2: Foul Ball, location: 2F
2-2: Fly out, F8 (Flyball, 8LD, EV 98.1 MPH)
Top of the 2nd over - 0 runs, 0 hits, 0 errors, 0 left on base; Gary SouthShore 2 - Kansas City 0
BOTTOM OF THE 2ND
Kansas City T-Bones batting - Pitching for Gary SouthShore RailCats : RHP Neel Kenter
Batting: RHB Ross Hunt 0-0: Called Strike
0-1: Swinging Strike
0-2: Strikes out swinging
Batting: LHB J.J. Hallberg 0-0: Called Strike
0-1: Fly out, F7 (Flyball, 78M, EV 80.0 MPH)
Batting: RHB Josh Marion 0-0: Ball
1-0: Foul Ball, location: 2F
1-1: Ball
2-1: Foul Ball, location: 2F
2-2: Foul Ball, location: 2F
2-2: Strikes out swinging
Bottom of the 2nd over - 0 runs, 0 hits, 0 errors, 0 left on base; Gary SouthShore 2 - Kansas City 0
TOP OF THE 3RD
Gary SouthShore RailCats batting - Pitching for Kansas City T-Bones : RHP Steve Avina
Batting: LHB Mario Vega 0-0: Ball
1-0: Swinging Strike
1-1: Called Strike
1-2: Strikes out swinging
Batting: LHB Alejandro Ortiz 0-0: Ball
1-0: Ball
2-0: Called Strike
2-1: Ground out 6-3 (Groundball, 6S, EV 86.9 MPH)
Batting: RHB Mark Zimny 0-0: Called Strike
0-1: Fly out, F4 (Popup, 13, EV 85.6 MPH)
Top of the 3rd over - 0 runs, 0 hits, 0 errors, 0 left on base; Gary SouthShore 2 - Kansas City 0
BOTTOM OF THE 3RD
Kansas City T-Bones batting - Pitching for Gary SouthShore RailCats : RHP Neel Kenter
Batting: RHB Carlos Alicea 0-0: Ball
1-0: Swinging Strike
1-1: Foul Ball, location: 2F
1-2: Ball
2-2: SINGLE (Groundball, 6MD, EV 98.8 MPH)
Batting: SHB Jeff Allen 0-0: Called Strike
0-1: Ball
1-1: Swinging Strike
1-2: Strikes out looking
Batting: RHB Martin Rivera 0-0: Fielders Choice at 2nd, 2-4 (Groundball, 15S, EV 68.8 MPH)
Batting: LHB Tony Marrero 0-0: Ball
1-0: Ball
2-0: Called Strike
2-1: Called Strike
2-2: Foul Ball, location: 2F
2-2: Strikes out swinging
Bottom of the 3rd over - 0 runs, 1 hit, 0 errors, 1 left on base; Gary SouthShore 2 - Kansas City 0
TOP OF THE 4TH
Gary SouthShore RailCats batting - Pitching for Kansas City T-Bones : RHP Steve Avina
Batting: RHB Ken Kelly 0-0: Called Strike
0-1: Swinging Strike
0-2: Ball
1-2: Strikes out swinging
Batting: SHB Nick Butler 0-0: Fly out, F8 (Line Drive, 8RD, EV 85.0 MPH)
Batting: RHB Kevin Oliver 0-0: Reached on error, E6 (Flyball, 6D, EV 79.4 MPH)
Batting: RHB Sean Armor 0-0: Ball
1-0: Ball
2-0: Ball
3-0: Base on Balls
Kevin Oliver to second
Batting: SHB Art Jenkins 0-0: Ground out 4-3 (Groundball, 4, EV 106.9 MPH)
Top of the 4th over - 0 runs, 0 hits, 1 error, 2 left on base; Gary SouthShore 2 - Kansas City 0
BOTTOM OF THE 4TH
Kansas City T-Bones batting - Pitching for Gary SouthShore RailCats : RHP Neel Kenter
Batting: LHB Ramon Velasco 0-0: Foul Ball, location: 2F
0-1: Fly out, F8 (Line Drive, 8LM, EV 90.0 MPH)
Batting: RHB Ernie Almodovar 0-0: Called Strike
0-1: Ball
1-1: Foul Ball, location: 2F
1-2: Ball
2-2: SINGLE (Line Drive, 78S, EV 100.6 MPH)
Batting: RHB Ross Hunt 0-0: Ball
1-0: Ball
2-0: DOUBLE (Line Drive, 89XD, EV 105.6 MPH)
Ernie Almodovar to third
Batting: LHB J.J. Hallberg 0-0: Called Strike
0-1: Ball
1-1: Called Strike
1-2: Strikes out looking
Batting: RHB Josh Marion 0-0: Called Strike
0-1: Ball
1-1: Ball
2-1: Called Strike
2-2: Foul Ball, location: 2F
2-2: Ball
3-2: Base on Balls
Batting: RHB Carlos Alicea 0-0: Ball
1-0: Called Strike
1-1: Foul Ball, location: 2F
1-2: Fly out, F3 (Popup, 3S, EV 65.6 MPH)
Bottom of the 4th over - 0 runs, 2 hits, 0 errors, 3 left on base; Gary SouthShore 2 - Kansas City 0
TOP OF THE 5TH
Gary SouthShore RailCats batting - Pitching for Kansas City T-Bones : RHP Steve Avina
Batting: RHB Chris Day 0-0: Ball
1-0: Swinging Strike
1-1: Ball
2-1: Ground out U3 (Groundball, 23, EV 83.1 MPH)
Batting: LHB Mario Vega 0-0: Ball
1-0: Fly out, F8 (Flyball, 8LS, EV 76.2 MPH)
Batting: LHB Alejandro Ortiz 0-0: Called Strike
0-1: Ball
1-1: Ground out 4-3 (Groundball, 4, EV 80.6 MPH)
Top of the 5th over - 0 runs, 0 hits, 0 errors, 0 left on base; Gary SouthShore 2 - Kansas City 0
BOTTOM OF THE 5TH
Kansas City T-Bones batting - Pitching for Gary SouthShore RailCats : RHP Neel Kenter
Batting: SHB Jeff Allen 0-0: Swinging Strike
0-1: Ball
1-1: DOUBLE (Groundball, 3L, EV 100.0 MPH)
Batting: RHB Martin Rivera 0-0: Ball
1-0: Ball
2-0: Ball
3-0: Called Strike
3-1: Base on Balls
Batting: LHB Tony Marrero 0-0: Called Strike
0-1: Sac Bunt to 15S - play at first, batter OUT! 1-3
Jeff Allen to third
Martin Rivera to second
Batting: LHB Ramon Velasco 0-0: Called Strike
0-1: Ball
1-1: Ball
2-1: 3-RUN HOME RUN (Flyball, 9D, EV 95.6 MPH), Distance : 398 ft
Batting: RHB Ernie Almodovar 0-0: Called Strike
0-1: Ball
1-1: Ball
2-1: Ball
3-1: Called Strike
3-2: Foul Ball, location: 2F
3-2: Foul Ball, location: 2F
3-2: Fly out, F8 (Flyball, 8RM, EV 83.1 MPH)
Batting: RHB Ross Hunt 0-0: Ball
1-0: Swinging Strike
1-1: Ball
2-1: TRIPLE (Flyball, 78XD, EV 111.2 MPH)
Batting: LHB J.J. Hallberg 0-0: Called Strike
0-1: Foul Ball, location: 2F
0-2: Ball
1-2: Ball
2-2: Foul Ball, location: 2F
2-2: Ball
3-2: DOUBLE (Line Drive, 7LM, EV 91.2 MPH)
Ross Hunt scores
Batting: RHB Josh Marion 0-0: Swinging Strike
0-1: Ball
1-1: Ball
2-1: Ball
3-1: Foul Ball, location: 2F
3-2: Foul Ball, location: 2F
3-2: Base on Balls
Batting: RHB Carlos Alicea 0-0: SINGLE (Groundball, 5L, EV 104.4 MPH)
J.J. Hallberg to third
Josh Marion to second
Runner from 3rd tries for Home, SAFE, throw by LF to home
Batting: SHB Jeff Allen 0-0: Ball
1-0: Fly out, F5 (Popup, 5S, EV 77.5 MPH)
Bottom of the 5th over - 5 runs, 5 hits, 0 errors, 2 left on base; Gary SouthShore 2 - Kansas City 5
TOP OF THE 6TH
Gary SouthShore RailCats batting - Pitching for Kansas City T-Bones : RHP Steve Avina
Batting: RHB Mark Zimny 0-0: Called Strike
0-1: Ball
1-1: Ground out 4-3 (Groundball, P, EV 83.8 MPH)
Batting: RHB Ken Kelly 0-0: Ball
1-0: Foul Ball, location: 2F
1-1: Ball
2-1: Fly out, F4 (Popup, 3S, EV 84.4 MPH)
Batting: SHB Nick Butler 0-0: Foul Ball, location: 2F
0-1: Fly out, F9 (Flyball, 9S, EV 91.2 MPH)
Top of the 6th over - 0 runs, 0 hits, 0 errors, 0 left on base; Gary SouthShore 2 - Kansas City 5
BOTTOM OF THE 6TH
Kansas City T-Bones batting - Pitching for Gary SouthShore RailCats : RHP Neel Kenter
Pitching: RHP David Griffin
Batting: RHB Martin Rivera 0-0: Ball
1-0: Foul Ball, location: 2F
1-1: Ball
2-1: Ball
3-1: Called Strike
3-2: SINGLE (Line Drive, 6D, EV 106.2 MPH)
Batting: LHB Tony Marrero 0-0: Fly out, F8 (Line Drive, 8RD, EV 91.9 MPH)
Batting: LHB Ramon Velasco 0-0: Ball
1-0: Ball
2-0: Ball
3-0: SINGLE (Flyball, 8RS, EV 85.6 MPH)
Martin Rivera to second
Batting: RHB Ernie Almodovar 0-0: Ball
1-0: Called Strike
1-1: Ball
2-1: Called Strike
2-2: Fly out, F6 (Flyball, 6D, EV 86.9 MPH)
Batting: RHB Ross Hunt 0-0: Fly out, F8 (Flyball, 8LM, EV 80.0 MPH)
Bottom of the 6th over - 0 runs, 2 hits, 0 errors, 2 left on base; Gary SouthShore 2 - Kansas City 5
TOP OF THE 7TH
Gary SouthShore RailCats batting - Pitching for Kansas City T-Bones : RHP Steve Avina
Batting: RHB Kevin Oliver 0-0: Ground out U3 (Groundball, 34S, EV 88.1 MPH)
Batting: RHB Sean Armor 0-0: Ball
1-0: Ball
2-0: Ball
3-0: Called Strike
3-1: Foul Ball, location: 2F
3-2: Strikes out swinging
Batting: SHB Art Jenkins 0-0: Called Strike
0-1: Called Strike
0-2: Foul Ball, location: 2F
0-2: Strikes out swinging
Top of the 7th over - 0 runs, 0 hits, 0 errors, 0 left on base; Gary SouthShore 2 - Kansas City 5
BOTTOM OF THE 7TH
Kansas City T-Bones batting - Pitching for Gary SouthShore RailCats : RHP David Griffin
Batting: LHB J.J. Hallberg 0-0: Foul Ball, location: 2F
0-1: Fly out, F9 (Flyball, 9D, EV 85.0 MPH)
Batting: RHB Josh Marion 0-0: Foul Ball, location: 2F
0-1: Swinging Strike
0-2: SINGLE (Groundball, 4S, EV 63.1 MPH) (infield hit)
Batting: RHB Carlos Alicea 0-0: Ball
1-0: Fly out, F7 (Flyball, 7LM, EV 87.5 MPH)
Batting: SHB Jeff Allen 0-0: Ball
1-0: Ball
2-0: Ball
3-0: Called Strike
3-1: TRIPLE (Flyball, 89XD, EV 103.1 MPH)
Josh Marion scores
Batting: RHB Martin Rivera 0-0: Called Strike
0-1: Ball
1-1: Foul Ball, location: 2F
1-2: Ball
2-2: Ground out 6-3 (Groundball, 6, EV 91.2 MPH)
Bottom of the 7th over - 1 run, 2 hits, 0 errors, 1 left on base; Gary SouthShore 2 - Kansas City 6
TOP OF THE 8TH
Gary SouthShore RailCats batting - Pitching for Kansas City T-Bones : RHP Steve Avina
Batting: RHB Chris Day 0-0: Swinging Strike
0-1: Reached on error, E6 (Groundball, 6, EV 91.9 MPH)
Batting: LHB Mario Vega 0-0: Ball
1-0: Ball
2-0: Foul Ball, location: 2F
2-1: Foul Ball, location: 2F
2-2: Foul Ball, location: 2F
2-2: 2-RUN HOME RUN (Flyball, 9LD, EV 99.4 MPH), Distance : 361 ft
Batting: LHB Alejandro Ortiz 0-0: Ball
1-0: Called Strike
1-1: Ball
2-1: Ball
3-1: SOLO HOME RUN (Flyball, 9D, EV 93.8 MPH), Distance : 399 ft
Batting: RHB Mark Zimny 0-0: Called Strike
0-1: Ball
1-1: Foul Ball, location: 2F
1-2: Ground out 6-3 (Groundball, 56, EV 86.2 MPH)
Batting: RHB Ken Kelly 0-0: Foul Ball, location: 2F
0-1: Called Strike
0-2: Strikes out swinging
Batting: SHB Nick Butler 0-0: Called Strike
0-1: Called Strike
0-2: Strikes out swinging, 2-3 out at first.
Top of the 8th over - 3 runs, 2 hits, 1 error, 0 left on base; Gary SouthShore 5 - Kansas City 6
BOTTOM OF THE 8TH
Kansas City T-Bones batting - Pitching for Gary SouthShore RailCats : RHP David Griffin
Batting: LHB Tony Marrero 0-0: Called Strike
0-1: Ball
1-1: Ball
2-1: Ball
3-1: Swinging Strike
3-2: Fly out, F4 (Popup, 4S, EV 68.8 MPH)
Pitching: RHP Nick Floyd
Batting: LHB Ramon Velasco 0-0: Ball
1-0: Ball
2-0: Ball
3-0: Called Strike
3-1: Base on Balls
Batting: RHB Ernie Almodovar 0-0: Hit by Pitch
Ramon Velasco to second
Batting: RHB Ross Hunt 0-0: Called Strike
0-1: Ball
1-1: Ball
2-1: Ball
3-1: Base on Balls
Ramon Velasco to third
Ernie Almodovar to second
Batting: LHB J.J. Hallberg 0-0: Foul Ball, location: 2F
0-1: DOUBLE (Flyball, 8LXD, EV 99.4 MPH)
Ramon Velasco scores
Ernie Almodovar scores
Ross Hunt to third
Runner from 3rd tries for Home, SAFE, throw by CF to trailing runner, SAFE at third!
Pitching: LHP Trevor Lubking
Batting: RHB Josh Marion 0-0: Ground out 6-3 (Groundball, 6, EV 101.2 MPH)
J.J. Hallberg scores
Batting: RHB Carlos Alicea 0-0: Ball
1-0: Ball
2-0: Ball
3-0: Base on Balls
Batting: SHB Jeff Allen 0-0: Ball
1-0: Foul Ball, location: 2F
1-1: Called Strike
1-2: Fly out, F9 (Flyball, 9, EV 82.5 MPH)
Bottom of the 8th over - 4 runs, 1 hit, 0 errors, 1 left on base; Gary SouthShore 5 - Kansas City 10
TOP OF THE 9TH
Gary SouthShore RailCats batting - Pitching for Kansas City T-Bones : RHP Steve Avina
Pitching: RHP Robert Moreau
Batting: RHB Kevin Oliver 0-0: Ball
1-0: Fly out, F9 (Flyball, 89S, EV 85.6 MPH)
Batting: RHB Sean Armor 0-0: Foul Ball, location: 2F
0-1: Foul Ball, location: 2F
0-2: Ball
1-2: Strikes out looking
Batting: SHB Art Jenkins 0-0: Ball
1-0: Swinging Strike
1-1: Ball
2-1: Foul Ball, location: 2F
2-2: Foul Ball, location: 2F
2-2: Strikes out looking
Top of the 9th over - 0 runs, 0 hits, 0 errors, 0 left on base; Gary SouthShore 5 - Kansas City 10
Friday, October 29th , 2021 - OOTP Baseball 22.10 Build 79